AoeStats
← suzxcf

Baltic

512733362Analyzed
2v2 RM · 6d ago on Oct 10, 2026· 65m 55s· 4 players
Game mode
Random Map
Map size
Medium (4 player)
Population
200
Speed
Normal
Resources
Standard
Victory
Conquest
Starting age
Dark Age
Ending age
Imperial Age
RankedLock teamsTeams togetherTeam positionsShared explorationLock speedFull tech treeHidden civsTurbo modeCheats
Victory
Defeat
🇫🇷 Khmer · France
728
+29
🇫🇷 Franks · France
728
+29
vs
🇪🇸 Dravidians · Spain
714
-32
🇪🇸 Spanish · Spain
614
-11
FC BULMA
6:21 Loom
10:36 Feudal Age
9:44 Loom
14:10 Forging
15:34 Wheelbarrow
16:33 Double-Bit Axe
17:37 Bloodlines
17:19 Horse Collar
18:32 Scale Barding Armor
19:04 Gold Mining
24:46 Castle Age
22:40 Stone Mining
23:15 Bloodlines
23:42 Town Watch
25:02 Fishing Lines
26:27 Iron Casting
28:31 Light Cavalry
30:03 Gold Shaft Mining
30:08 Stone Shaft Mining
30:22 Medium Warships
31:20 Husbandry
31:45 Chain Barding Armor
31:28 Murder Holes
31:51 Bow Saw
37:20 Ballistics
40:21 Hand Cart
43:34 Masonry
43:28 Fletching
45:37 Herbal Medicine
45:53 Heavy Plow
51:14 Imperial Age
52:23 Conscription
53:21 Town Patrol
55:00 Capped Ram
60:29 Plate Barding Armor
60:58 Chemistry
61:03 Double Crossbow
60:38 Elite Ballista Elephant
62:48 Siege Engineers
suzxcf
11:31 Feudal Age
13:21 Double-Bit Axe
20:01 Castle Age
19:52 Stone Mining
22:55 Forging
25:53 Husbandry
26:54 Iron Casting
30:53 Scale Barding Armor
35:39 Gold Mining
37:16 Gold Shaft Mining
37:47 Chain Barding Armor
38:32 Demolition Ship
40:15 Murder Holes
40:51 Bow Saw
47:09 Imperial Age
45:12 Ballistics
48:26 Plate Barding Armor
48:53 Blast Furnace
47:43 Cavalier
56:05 Paladin
FrankieFunk
2:05 Loom
12:52 Feudal Age
13:28 Double-Bit Axe
13:43 Town Watch
23:03 Gold Mining
28:27 Castle Age
28:19 Horse Collar
28:55 Forging
28:47 Padded Archer Armor
28:38 Elite Skirmisher
28:43 Pikeman
29:23 Squires
31:56 Medium Warships
32:42 Iron Casting
32:13 Scale Barding Armor
38:32 Wheelbarrow
50:46 Husbandry
52:40 Arson
Indekeik
3:22 Loom
13:32 Feudal Age
15:20 Wheelbarrow
16:07 Bloodlines
21:21 Forging
21:54 Scale Barding Armor
30:43 Castle Age
30:03 Double-Bit Axe
30:11 Gold Mining
30:16 Stone Mining
32:05 Pikeman
32:49 Squires
33:07 Bow Saw
33:36 Iron Casting
34:02 Husbandry
34:48 Medium Warships
41:07 Siphons
41:23 Ballistics
42:36 Horse Collar
45:08 Hand Cart
48:18 Chain Barding Armor
48:04 Scale Mail Armor
51:59 Imperial Age
53:47 Chemistry
53:16 Shipwright
53:51 Elite Cannon Galleon
56:56 Halberdier
Connection lost

Rejoining the realm…

Still unreachable

The connection could not be restored.

Session expired

The server has moved on; the page needs a fresh start.